TOP OF THE 1ST |
Wisconsin Timber Rattlers batting - Pitching for Hartford Yard Goats : RHP Matt Gray
|
Pitching: RHP Matt Gray
|
|
Batting: LHB Rick Campbell
|
0-0: Called Strike 0-1: Called Strike 0-2: Ball 1-2: Foul Ball, location: 2F 1-2: Foul Ball, location: 2F 1-2: Ground out 2-3 (Groundball, 15S, EV 61.9 MPH)
|
Batting: RHB Ryan Miller
|
0-0: Called Strike 0-1: Swinging Strike 0-2: Ground out 6-3 (Groundball, 6, EV 98.1 MPH)
|
Batting: LHB Jason Raker
|
0-0: Ball 1-0: Fly out, F3 (Line Drive, 3, EV 62.5 MPH)
|
Top of the 1st over - 0 runs, 0 hits, 0 errors, 0 left on base; Wisconsin 0 - Hartford 0 |
BOTTOM OF THE 1ST |
Hartford Yard Goats batting - Pitching for Wisconsin Timber Rattlers : RHP Aaron Saenz
|
Pitching: RHP Aaron Saenz
|
|
Batting: RHB John Stevenson
|
0-0: SINGLE (Flyball, 89S, EV 96.2 MPH)
|
Batting: RHB Mike McElroy
|
0-0: Foul Ball, location: 2F 0-1: Ball 1-1: Swinging Strike 1-2: Foul Ball, location: 2F 1-2: Fly out, F9 (Flyball, 89M, EV 90.6 MPH)
|
Batting: LHB Tim Mulholland
|
0-0: Ball 1-0: Ball 2-0: Foul Ball, location: 2F 2-1: Ball John Stevenson is caught stealing 2nd base 2-6 3-1: Fly out, F8 (Flyball, 8RXD, EV 104.4 MPH)
|
Bottom of the 1st over - 0 runs, 1 hit, 0 errors, 0 left on base; Wisconsin 0 - Hartford 0 |
TOP OF THE 2ND |
Wisconsin Timber Rattlers batting - Pitching for Hartford Yard Goats : RHP Matt Gray
|
Batting: SHB Orlando Torres
|
0-0: Swinging Strike 0-1: Ground out 2-3 (Groundball, 15S, EV 69.4 MPH)
|
Batting: RHB Jose Cerritos
|
0-0: Ball 1-0: Ball 2-0: Ball 3-0: Base on Balls
|
Batting: SHB Ramon Perez
|
0-0: Called Strike Pickoff Throw to First - Error! E1 Jose Cerritos to second 0-1: Swinging Strike 0-2: Foul Ball, location: 2F 0-2: Ball 1-2: SINGLE (Flyball, 7LS, EV 100.6 MPH) Jose Cerritos to third Runner from 3rd tries for Home, SAFE, throw by LF to home
|
Batting: RHB Victor Alarcon
|
0-0: Swinging Strike 0-1: Ball 1-1: Ball 2-1: Ball 3-1: Base on Balls Ramon Perez to second
|
Batting: RHB Leo Serrano
|
0-0: Ball 1-0: Foul Ball, location: 2F 1-1: Hit by Pitch Ramon Perez to third Victor Alarcon to second
|
Batting: RHB Alfredo Sena
|
0-0: Ball 1-0: Ball 2-0: Ball 3-0: Base on Balls Ramon Perez scores Victor Alarcon to third Leo Serrano to second
|
Batting: LHB Rick Campbell
|
0-0: Ball 1-0: Ball 2-0: Called Strike 2-1: SINGLE (Groundball, 15S, EV 73.1 MPH) (infield hit) Victor Alarcon scores Leo Serrano to third Alfredo Sena to second
|
Batting: RHB Ryan Miller
|
0-0: Swinging Strike 0-1: Called Strike 0-2: Foul Ball, location: 2F 0-2: Ball 1-2: Ball 2-2: Foul Ball, location: 2F 2-2: Ball 3-2: Foul Ball, location: 2F 3-2: SINGLE (Line Drive, 56, EV 95.6 MPH) Leo Serrano scores Alfredo Sena to third Rick Campbell to second
|
Batting: LHB Jason Raker
|
0-0: Ball 1-0: Swinging Strike 1-1: Fly out, F5 (Popup, 5F, EV 65.6 MPH)
|
Batting: SHB Orlando Torres
|
0-0: Ball Wild Pitch! Alfredo Sena scores Rick Campbell to third Ryan Miller to second 1-0: SINGLE (Line Drive, 7S, EV 87.5 MPH) Rick Campbell scores Ryan Miller to third
|
Pitching: RHP Joe Schuler
|
|
Batting: RHB Jose Cerritos
|
0-0: Ball 1-0: Ball 2-0: SINGLE (Groundball, 6S, EV 68.8 MPH) (infield hit) Ryan Miller scores Orlando Torres to second
|
Batting: SHB Ramon Perez
|
0-0: Swinging Strike 0-1: Ball 1-1: Foul Ball, location: 2F 1-2: Ball 2-2: Ball 3-2: Strikes out swinging
|
Top of the 2nd over - 7 runs, 5 hits, 1 error, 2 left on base; Wisconsin 7 - Hartford 0 |
BOTTOM OF THE 2ND |
Hartford Yard Goats batting - Pitching for Wisconsin Timber Rattlers : RHP Aaron Saenz
|
Batting: LHB Paul McClintock
|
0-0: Ball 1-0: Foul Ball, location: 2F 1-1: Foul Ball, location: 2F 1-2: Ball 2-2: Foul Ball, location: 2F 2-2: Foul Ball, location: 2F 2-2: Ball 3-2: Strikes out swinging
|
Batting: SHB Jamie Mims
|
0-0: Ground out U3 (Groundball, 34S, EV 90.0 MPH)
|
Batting: LHB Matt Calitri
|
0-0: Called Strike 0-1: Called Strike 0-2: Strikes out swinging
|
Bottom of the 2nd over - 0 runs, 0 hits, 0 errors, 0 left on base; Wisconsin 7 - Hartford 0 |
TOP OF THE 3RD |
Wisconsin Timber Rattlers batting - Pitching for Hartford Yard Goats : RHP Joe Schuler
|
Batting: RHB Victor Alarcon
|
0-0: Ball 1-0: Foul Ball, location: 2F 1-1: Ball 2-1: Ball 3-1: Foul Ball, location: 2F 3-2: Base on Balls
|
Batting: RHB Leo Serrano
|
0-0: Ball Passed Ball! Victor Alarcon to second 1-0: Ball 2-0: Ball 3-0: Base on Balls
|
Batting: RHB Alfredo Sena
|
0-0: Fly out, F9 (Line Drive, 9, EV 96.9 MPH)
|
Batting: LHB Rick Campbell
|
0-0: Foul Ball, location: 2F 0-1: Ball 1-1: Fly out, F9 (Flyball, 9, EV 93.1 MPH)
|
Batting: RHB Ryan Miller
|
0-0: Ground out 4-3 (Groundball, 4, EV 87.5 MPH)
|
Top of the 3rd over - 0 runs, 0 hits, 0 errors, 2 left on base; Wisconsin 7 - Hartford 0 |
BOTTOM OF THE 3RD |
Hartford Yard Goats batting - Pitching for Wisconsin Timber Rattlers : RHP Aaron Saenz
|
Batting: LHB Mike Kara
|
0-0: Ball 1-0: Called Strike 1-1: Foul Ball, location: 2F 1-2: Fly out, F7 (Flyball, 7, EV 93.1 MPH)
|
Batting: LHB Jay Fenderson
|
0-0: Foul Ball, location: 2F 0-1: SINGLE (Groundball, 56D, EV 103.8 MPH)
|
Batting: LHB Justin Long
|
0-0: Ball 1-0: Ball 2-0: Ball 3-0: Called Strike 3-1: Foul Ball, location: 2F 3-2: Foul Ball, location: 2F 3-2: SINGLE (Groundball, 6S, EV 94.4 MPH) Jay Fenderson to second
|
Batting: RHB John Stevenson
|
0-0: Ball 1-0: Foul Ball, location: 2F 1-1: Grounds into double play, 6-4-3 (Groundball, 56, EV 78.1 MPH)
|
Bottom of the 3rd over - 0 runs, 2 hits, 0 errors, 1 left on base; Wisconsin 7 - Hartford 0 |
TOP OF THE 4TH |
Wisconsin Timber Rattlers batting - Pitching for Hartford Yard Goats : RHP Joe Schuler
|
Batting: LHB Jason Raker
|
0-0: Ground out 4-3 (Groundball, 4, EV 105.0 MPH)
|
Batting: SHB Orlando Torres
|
0-0: Called Strike 0-1: Ball 1-1: Swinging Strike 1-2: Foul Ball, location: 2F 1-2: SOLO HOME RUN (Flyball, 9D, EV 96.2 MPH), Distance : 368 ft
|
Batting: RHB Jose Cerritos
|
0-0: Ball 1-0: Ball 2-0: Ball 3-0: Called Strike 3-1: Fly out, F8 (Line Drive, 89M, EV 95.6 MPH)
|
Batting: SHB Ramon Perez
|
0-0: Ball 1-0: Foul Ball, location: 2F 1-1: Foul Ball, location: 2F 1-2: Ball 2-2: Ball 3-2: Base on Balls
|
Batting: RHB Victor Alarcon
|
0-0: Foul Ball, location: 2F 0-1: Ball 1-1: Called Strike 1-2: Foul Ball, location: 2F 1-2: Foul Ball, location: 2F 1-2: Fielders Choice at 2nd, 6-4 (Groundball, 6, EV 102.5 MPH)
|
Top of the 4th over - 1 run, 1 hit, 0 errors, 1 left on base; Wisconsin 8 - Hartford 0 |
BOTTOM OF THE 4TH |
Hartford Yard Goats batting - Pitching for Wisconsin Timber Rattlers : RHP Aaron Saenz
|
Batting: RHB Mike McElroy
|
0-0: Ball 1-0: Foul Ball, location: 2F 1-1: Ball 2-1: Foul Ball, location: 2F 2-2: Strikes out looking
|
Batting: LHB Tim Mulholland
|
0-0: Called Strike 0-1: Ball 1-1: Swinging Strike 1-2: Ball 2-2: Strikes out swinging
|
Batting: LHB Paul McClintock
|
0-0: Called Strike 0-1: Foul Ball, location: 2F 0-2: Ball 1-2: Strikes out swinging
|
Bottom of the 4th over - 0 runs, 0 hits, 0 errors, 0 left on base; Wisconsin 8 - Hartford 0 |
TOP OF THE 5TH |
Wisconsin Timber Rattlers batting - Pitching for Hartford Yard Goats : RHP Joe Schuler
|
Batting: RHB Leo Serrano
|
0-0: Called Strike 0-1: Ball 1-1: Ball 2-1: Called Strike 2-2: Strikes out swinging
|
Batting: RHB Alfredo Sena
|
0-0: Called Strike 0-1: Ball 1-1: Swinging Strike 1-2: Ball 2-2: Foul Ball, location: 2F 2-2: Strikes out swinging
|
Batting: LHB Rick Campbell
|
0-0: Ball 1-0: Foul Ball, location: 2F 1-1: Foul Ball, location: 2F 1-2: Foul Ball, location: 2F 1-2: Ball 2-2: Ball 3-2: Foul Ball, location: 2F 3-2: Base on Balls
|
Pitching: RHP Bruce Charles
|
|
Batting: RHB Ryan Miller
|
0-0: Foul Ball, location: 2F 0-1: Ball 1-1: Ball 2-1: DOUBLE (Flyball, 8LXD, EV 95.6 MPH) Rick Campbell to third Runner from 3rd tries for Home, SAFE, throw by CF to trailing runner, SAFE at third!
|
Batting: LHB Jason Raker
|
0-0: Called Strike 0-1: Ball 1-1: Ball 2-1: Foul Ball, location: 2F 2-2: Foul Ball, location: 2F 2-2: Strikes out swinging
|
Top of the 5th over - 1 run, 1 hit, 0 errors, 1 left on base; Wisconsin 9 - Hartford 0 |
BOTTOM OF THE 5TH |
Hartford Yard Goats batting - Pitching for Wisconsin Timber Rattlers : RHP Aaron Saenz
|
Batting: SHB Jamie Mims
|
0-0: Ball 1-0: Called Strike 1-1: SINGLE (Line Drive, 3D, EV 98.8 MPH)
|
Batting: LHB Matt Calitri
|
0-0: Ball 1-0: Foul Ball, location: 2F 1-1: Called Strike Jamie Mims steals 2nd base 1-2: Strikes out swinging
|
Batting: LHB Mike Kara
|
0-0: Ball 1-0: Called Strike 1-1: Ball 2-1: Ball 3-1: Foul Ball, location: 2F 3-2: Fly out, F9 (Flyball, 9S, EV 93.1 MPH)
|
Batting: LHB Jay Fenderson
|
0-0: Foul Ball, location: 2F 0-1: Foul Ball, location: 2F 0-2: Ball 1-2: SINGLE (Groundball, 3D, EV 103.1 MPH) Jamie Mims to third Runner from 3rd tries for Home, SAFE, throw by RF to home
|
Batting: LHB Justin Long
|
0-0: Called Strike 0-1: Foul Ball, location: 2F 0-2: Ball 1-2: Strikes out looking
|
Bottom of the 5th over - 1 run, 2 hits, 0 errors, 1 left on base; Wisconsin 9 - Hartford 1 |
TOP OF THE 6TH |
Wisconsin Timber Rattlers batting - Pitching for Hartford Yard Goats : RHP Bruce Charles
|
Batting: SHB Orlando Torres
|
0-0: Ball 1-0: DOUBLE (Flyball, 8RXD, EV 110.6 MPH)
|
Batting: RHB Jose Cerritos
|
0-0: Foul Ball, location: 2F 0-1: Ground out 6-3 (Groundball, 6, EV 87.5 MPH)
|
Batting: SHB Ramon Perez
|
0-0: Ball 1-0: Ball 2-0: Ball 3-0: Base on Balls
|
Batting: RHB Victor Alarcon
|
0-0: Ball 1-0: Ball 2-0: Foul Ball, location: 2F 2-1: SINGLE (Groundball, 6MD, EV 98.8 MPH) Orlando Torres to third Ramon Perez to second
|
Batting: RHB Leo Serrano
|
0-0: Foul Ball, location: 2F 0-1: Swinging Strike 0-2: Ball 1-2: Strikes out swinging
|
Batting: RHB Alfredo Sena
|
0-0: Ball 1-0: GRAND SLAM HOME RUN (Flyball, 7D, EV 99.4 MPH), Distance : 382 ft
|
Batting: LHB Rick Campbell
|
0-0: Ball 1-0: Foul Ball, location: 2F 1-1: Swinging Strike 1-2: Strikes out swinging
|
Top of the 6th over - 4 runs, 3 hits, 0 errors, 0 left on base; Wisconsin 13 - Hartford 1 |
BOTTOM OF THE 6TH |
Hartford Yard Goats batting - Pitching for Wisconsin Timber Rattlers : RHP Aaron Saenz
|
Batting: RHB John Stevenson
|
0-0: Ball 1-0: Ground out 6-3 (Groundball, 6S, EV 66.2 MPH)
|
Batting: RHB Mike McElroy
|
0-0: Ball 1-0: Ball 2-0: Fly out, F5 (Popup, 5SF, EV 72.5 MPH)
|
Batting: LHB Tim Mulholland
|
0-0: Ball 1-0: Called Strike 1-1: Foul Ball, location: 2F 1-2: Ball 2-2: Ground out U3 (Groundball, 34, EV 105.0 MPH)
|
Bottom of the 6th over - 0 runs, 0 hits, 0 errors, 0 left on base; Wisconsin 13 - Hartford 1 |
TOP OF THE 7TH |
Wisconsin Timber Rattlers batting - Pitching for Hartford Yard Goats : RHP Bruce Charles
|
Pitching: RHP Davon Ware
|
|
Pinch Hitting: LHB Paul Collins
|
0-0: Ball 1-0: SINGLE (Groundball, 13, EV 79.4 MPH) (infield hit)
|
Batting: LHB Jason Raker
|
0-0: Foul Ball, location: 2F 0-1: Swinging Strike 0-2: DOUBLE (Groundball, 3L, EV 100.6 MPH) Paul Collins to third
|
Batting: SHB Orlando Torres
|
0-0: Ground out 1-3 (Groundball, 34S, EV 66.9 MPH)
|
Batting: RHB Jose Cerritos
|
0-0: Ground out U3 (Groundball, 3, EV 81.9 MPH)
|
Batting: SHB Ramon Perez
|
0-0: Ball 1-0: Swinging Strike 1-1: Swinging Strike 1-2: Foul Ball, location: 2F 1-2: Strikes out swinging
|
Top of the 7th over - 0 runs, 2 hits, 0 errors, 2 left on base; Wisconsin 13 - Hartford 1 |
BOTTOM OF THE 7TH |
Hartford Yard Goats batting - Pitching for Wisconsin Timber Rattlers : RHP Aaron Saenz
|
Now at 1B: Paul Collins
|
|
Batting: LHB Paul McClintock
|
0-0: Swinging Strike 0-1: Ball 1-1: Foul Ball, location: 2F 1-2: Ball 2-2: Foul Ball, location: 2F 2-2: SOLO HOME RUN (Flyball, 9LD, EV 90.0 MPH), Distance : 334 ft
|
Batting: SHB Jamie Mims
|
0-0: Foul Ball, location: 2F 0-1: Ball 1-1: Foul Ball, location: 2F 1-2: Foul Ball, location: 2F 1-2: Foul Ball, location: 2F 1-2: Foul Ball, location: 2F 1-2: Ground out 1-3 (Groundball, 13S, EV 66.9 MPH)
|
Pitching: RHP Juan Magdaleno
|
|
Batting: LHB Matt Calitri
|
0-0: Ball 1-0: Ball 2-0: SINGLE (Groundball, 4MS, EV 83.8 MPH) (infield hit)
|
Batting: LHB Mike Kara
|
0-0: Swinging Strike 0-1: SINGLE (Groundball, 56, EV 95.6 MPH) Matt Calitri to second
|
Batting: LHB Jay Fenderson
|
0-0: Called Strike 0-1: Ball 1-1: Ball 2-1: SINGLE (Groundball, 34D, EV 97.5 MPH) Matt Calitri to third Mike Kara to second
|
Batting: LHB Justin Long
|
0-0: Swinging Strike 0-1: Fly out, F9 (Flyball, 9, EV 84.4 MPH)
|
Batting: RHB John Stevenson
|
0-0: Ground out 1-3 (Groundball, P, EV 70.0 MPH)
|
Bottom of the 7th over - 1 run, 4 hits, 0 errors, 3 left on base; Wisconsin 13 - Hartford 2 |
TOP OF THE 8TH |
Wisconsin Timber Rattlers batting - Pitching for Hartford Yard Goats : RHP Davon Ware
|
Batting: RHB Victor Alarcon
|
0-0: SINGLE (Groundball, 6S, EV 65.6 MPH) (infield hit)
|
Batting: RHB Leo Serrano
|
0-0: Called Strike 0-1: Ground out 6-3 (Groundball, 6MD, EV 86.2 MPH) Victor Alarcon to second
|
Batting: RHB Alfredo Sena
|
0-0: Ball 1-0: Ball 2-0: Called Strike 2-1: Foul Ball, location: 2F 2-2: Foul Ball, location: 2F 2-2: Foul Ball, location: 2F 2-2: Ball 3-2: SINGLE (Line Drive, 4D, EV 108.1 MPH) Victor Alarcon to third
|
Pitching: RHP Jim Butler
|
|
Pinch Hitting: RHB Chris Maul
|
0-0: Ball 1-0: Swinging Strike 1-1: Foul Ball, location: 2F 1-2: Foul Ball, location: 2F 1-2: Strikes out swinging
|
Batting: LHB Paul Collins
|
0-0: Ball 1-0: Called Strike 1-1: Ball 2-1: Swinging Strike 2-2: Fly out, F9 (Flyball, 9, EV 87.5 MPH)
|
Top of the 8th over - 0 runs, 2 hits, 0 errors, 2 left on base; Wisconsin 13 - Hartford 2 |
BOTTOM OF THE 8TH |
Hartford Yard Goats batting - Pitching for Wisconsin Timber Rattlers : RHP Juan Magdaleno
|
Now at 2B: Jose Cerritos
|
|
Now at SS: Chris Maul
|
|
Batting: RHB Mike McElroy
|
0-0: Ball 1-0: Foul Ball, location: 2F 1-1: Fly out, F9 (Flyball, 9LS, EV 78.8 MPH)
|
Batting: LHB Tim Mulholland
|
0-0: Called Strike 0-1: Swinging Strike 0-2: Strikes out swinging
|
Batting: LHB Paul McClintock
|
0-0: Ground out 6-3 (Groundball, 6, EV 86.9 MPH)
|
Bottom of the 8th over - 0 runs, 0 hits, 0 errors, 0 left on base; Wisconsin 13 - Hartford 2 |
TOP OF THE 9TH |
Wisconsin Timber Rattlers batting - Pitching for Hartford Yard Goats : RHP Jim Butler
|
Batting: LHB Jason Raker
|
0-0: Ball 1-0: Called Strike 1-1: Swinging Strike 1-2: Ball 2-2: Strikes out swinging
|
Batting: SHB Orlando Torres
|
0-0: Ball 1-0: Called Strike 1-1: Foul Ball, location: 2F 1-2: Strikes out swinging
|
Batting: RHB Jose Cerritos
|
0-0: Ball 1-0: Ground out 5-3 (Groundball, 56, EV 98.8 MPH)
|
Top of the 9th over - 0 runs, 0 hits, 0 errors, 0 left on base; Wisconsin 13 - Hartford 2 |
BOTTOM OF THE 9TH |
Hartford Yard Goats batting - Pitching for Wisconsin Timber Rattlers : RHP Juan Magdaleno
|
Batting: SHB Jamie Mims
|
0-0: Ball 1-0: Called Strike 1-1: Ground out 4-3 (Groundball, 34D, EV 104.4 MPH)
|
Batting: LHB Matt Calitri
|
0-0: Called Strike 0-1: Ball 1-1: Ball 2-1: Ball 3-1: Base on Balls
|
Batting: LHB Mike Kara
|
0-0: Fielders Choice at 2nd, 4-6 (Groundball, 4M, EV 84.4 MPH)
|
Batting: LHB Jay Fenderson
|
Balk! Mike Kara to second 0-0: Called Strike 0-1: Ball Wild Pitch! Mike Kara to third 1-1: Foul Ball, location: 2F 1-2: Foul Ball, location: 2F 1-2: Ground out U3 (Groundball, 3, EV 86.9 MPH)
|
Bottom of the 9th over - 0 runs, 0 hits, 0 errors, 1 left on base; Wisconsin 13 - Hartford 2 |
|